 Dungeon Crawl Stone Soup version 0.31-a0-142-g31f6795574 (webtiles) character file.

Game seed: 16990460431139399456

59 mopl the Slasher (level 4, -1/26 HPs)
             Began as a Tengu Warper on June 3, 2023.
             Slain by a gnoll
             ... wielding a +0 flail
              (11 damage)
             ... on level 3 of the Dungeon.
             The game lasted 00:01:54 (1611 turns).

mopl the Slasher (Tengu Warper)                     Turns: 1611, Time: 00:01:55

Health: -1/26      AC:  5    Str: 13    XL:     4   Next: 3%
Magic:  8/8        EV: 11    Int: 14    God:
Gold:   86         SH:  0    Dex: 13    Spells: 5/7 levels left

rFire   . . .        a - +0 falchion
rCold   . . .        (no shield)
rNeg    . . .        g - +0 ring mail
rPois   .            (helmet restricted)
rElec   .            (no cloak)
rCorr   .            (no gloves)
SInv    .            (boots unavailable)
Will    .....        (no amulet)
Stlth   +            (no ring)
HPRegen 0.24/turn    (no ring)
MPRegen 0.11/turn

%: no passive effects
@: no status effects
A: beak, talons 3
a: no special abilities


You were on level 3 of the Dungeon.
You visited 1 branch of the dungeon, and saw 3 of its levels.

You collected 86 gold pieces.

Inventory:

Hand Weapons
 a - a +0 falchion (weapon)
Missiles
 d - 7 boomerangs of dispersal (quivered)
 h - 6 poisoned darts
Armour
 g - a +0 ring mail (worn)
Scrolls
 c - a scroll of blinking
 f - 4 scrolls of identify
 i - a scroll of teleportation {unknown}
 j - a scroll of magic mapping {unknown}
 l - a scroll of noise {unknown}
Potions
 b - a potion of curing
 e - a potion of ambrosia
 k - a potion of cancellation {unknown}


   Skills:
 - Level 2.0 Fighting
 + Level 0.0(2.7) Short Blades
 + Level 4.6 Long Blades
 - Level 1.0 Throwing
 - Level 1.1 Armour
 - Level 2.1 Dodging
 + Level 2.0 Spellcasting
 + Level 2.4 Translocations


You had 5 spell levels left.
You knew the following spells:

 Your Spells              Type           Power      Damage    Failure   Level
b - Blink                 Tloc           16%        N/A       28%         2

Your spell library contained the following spells:

 Spells                   Type           Power      Damage    Failure   Level
 Lesser Beckoning         Tloc           16%        N/A       28%         2
 Teleport Other           Tloc           8%         N/A       50%         3
 Vhi's Electric Charge    Tloc/Air       8%         N/A       67%         3
 Manifold Assault         Tloc           8%         N/A       88%         4


Dungeon Overview and Level Annotations

Branches:
Dungeon (3/15)

Altars:
Sif Muna

Annotations:
D:2 1 runed translucent door, Crazy Yiuf


Innate Abilities, Weirdness & Mutations

You have a beak for a mouth.
You have claws for feet.


Message History

The gnoll is lightly wounded.
The gnoll hits you with a +0 spear!
You hit the gnoll. Your kick misses the gnoll.
The gnoll is severely wounded.
The gnoll completely misses you.
You hit the gnoll but do no damage. Your kick misses the gnoll.
You peck the gnoll, but do no damage.
The gnoll is severely wounded.
The gnoll hits you with a +0 spear.
You are too injured to fight recklessly!
You are too injured to fight recklessly!
You hit the gnoll but do no damage.
The gnoll is severely wounded.
The gnoll closely misses you.
You hit the gnoll but do no damage. Your kick misses the gnoll.
The gnoll is severely wounded.
The gnoll hits you with a +0 spear.
* * * LOW HITPOINT WARNING * * *
You barely miss the gnoll. You claw the gnoll.
You kill the gnoll!
You have reached level 4!
You feel clever.
You start resting.
HP restored.
Items here: )) ††.
There is a stone staircase leading down here.
This spell is quite dangerous to cast!
Memorise Blink, consuming 2 spell levels and leaving 5?
You start memorising the spell.
You continue memorising. x2
You finish memorising.
Spell assigned to 'a'.
Adjust (i)tems, (s)pells, or (a)bilities?
Adjust which spell? a - Blink Adjust to which letter? b - Blink You climb downwards.
The gnoll hits you with a +0 whip! The gnoll hits you with a +0 whip.
The gnoll hits you with a +0 flail.
There is a stone staircase leading up, spattered with blood here.
The gnoll hits you with a +0 flail!
You die...

#.#.##..###.###.#
#.#.#.##..###.#####
#.#.#.##...........
#.#.#.##.####.#####
#.#)#.##...........
#.#.#.#######.#####
######.#.#......##.#
.......#g<.........#
#.@g.......##.#
#.############# #.
#. ##


You could see 2 gnolls.

Vanquished Creatures
  2 gnolls (D:2)
  A dart slug (D:3)
  An orc (D:3)
  3 endoplasms
  2 giant cockroaches
  3 goblins
  2 hobgoblins
  2 jackals (D:2)
  2 quokkas
  2 ball pythons
  3 bats
  4 frilled lizards
  6 kobolds
  3 rats
36 creatures vanquished.

Notes
Turn   | Place    | Note
-------+----------+-------------------------------------------
     0 | D:1      | mopl the Tengu Warper began the quest for the Orb.
     0 | D:1      | Reached XP level 1. HP: 12/12 MP: 4/4
   272 | D:1      | Reached XP level 2. HP: 17/17 MP: 6/6
   273 | D:1      | Reached skill level 3 in Long Blades
   683 | D:2      | Found a shimmering blue altar of Sif Muna.
   884 | D:2      | Reached XP level 3. HP: 21/21 MP: 7/7
   949 | D:2      | Found a runed translucent door.
   950 | D:2      | Noticed Crazy Yiuf
  1048 | D:2      | Reached skill level 4 in Long Blades
  1530 | D:2      | Reached XP level 4. HP: 8/26 MP: 8/8
  1608 | D:2      | Learned a level 2 spell: Blink
  1611 | D:3      | Slain by a gnoll

Illustrated notes

Levels and vault maps discovered:
D:1:      dpeg_arrival_arbitrary_c, layout_basic
D:2:      layout_basic, basic_altar, uniq_crazy_yiuf_cottage
D:3:      layout_basic, minmay_misc_feat_four_crosses, uniq_natasha,
          uniq_terence

Skill      XL: |  1  2  3 |
---------------+----------+-----
Long Blades    | 3 4 |  4.6
Fighting       | |  2.0
Throwing       | |  1.0
Armour         | |  1.1
Dodging        | |  2.1
Spellcasting   | |  2.0
Translocations | |  2.4

Action                     |  1- 3 |  4- 6 || total
---------------------------+-------+-------++-------
  Melee: Falchion          |    86 |       ||    86
         Kick              |    19 |       ||    19
         Peck              |     9 |       ||     9
    Use: Scroll            |     2 |       ||     2
 Armour: Ring mail         |    37 |       ||    37
         Leather armour    |     2 |       ||     2
  Dodge: Dodged            |    50 |       ||    50

Table legend: (Time is in decaauts)
 A = Elapsed time spent in this place.
 B = Non-inter-level travel time spent in this place.
 C = Inter-level travel time spent in this place.
 D = Time resting spent in this place.
 E = Time spent auto-exploring this place.
 F = Levels seen in this place.
 G = Mean time per level.
                   A        B        C        D        E       F      G
               +--------+--------+--------+--------+--------+-----+--------+
         Total |   1623 |   1543 |     80 |    135 |   1122 |   3 |  541.0 |
       Dungeon |   1623 |   1543 |     80 |    135 |   1122 |   3 |  541.0 |
               +--------+--------+--------+--------+--------+-----+--------+

Top non-repeatable levels by time:
     D:2: 978 daAuts
     D:1: 561 daAuts
     D:3: 83 daAuts
